 Dungeon Crawl Stone Soup version 0.31-b1-18-g61460d1e46 (webtiles) character file.

Game seed: 6589330774661100546

22771 groovy9 the Devastator (level 12, -1/59 HPs)
             Began as a Deep Elf Conjurer on Jan 17, 2024.
             Was a Priest of Vehumet.
             Slain by a basilisk (6 damage)
             ... while petrified by a basilisk
             ... on level 3 of the Lair of Beasts.
             The game lasted 00:52:41 (13094 turns).

groovy9 the Devastator (Deep Elf Conjurer)         Turns: 13094, Time: 00:52:41

Health: -1/59      AC:  3    Str:  4    XL:     12   Next: 66%
Magic:  33/33      EV:  2    Int: 29    God:    Vehumet [***...]
Gold:   511        SH:  0    Dex: 19    Spells: 17/41 levels left

rFire   . . .        n - +5 quarterstaff of Chaos {heavy, rF- Dex+6 Stlth+}
rCold   . . .        (shield currently unavailable)
rNeg    + + +        b - +0 robe of Hangman {rElec rN++}
rPois   ∞            (no helmet)
rElec   +            (no cloak)
rCorr   .            o - +0 pair of gloves
SInv    .            (no boots)
Will    +....        p - amulet of magic regeneration
Stlth   +++          a - ring of protection from fire
HPRegen 0.29/turn    H - ring of poison resistance
MPRegen 0.63/turn

%: no passive effects
@: petrified
A: no striking features
a: Renounce Religion


You were on level 3 of the Lair of Beasts.
You worshipped Vehumet.
Vehumet was most pleased with you.
You visited 3 branches of the dungeon, and saw 14 of its levels.
You also visited: Bailey.

You collected 749 gold pieces.
You spent 238 gold pieces at shops.

Inventory:

Hand Weapons
 n - the +5 quarterstaff of Chaos (weapon) {heavy, rF- Dex+6 Stlth+}
   (You took it off a goblin on level 2 of the Dungeon)

   Dex+6:     It affects your dexterity (+6).
   rF-:       It makes you vulnerable to fire.
   Stlth+:    It makes you more stealthy.
 F - the +9 quarterstaff "Saifoqot" {antimagic, Will- Int+4}
   (You found it on level 2 of the Lair of Beasts)

   Int+4:     It affects your intelligence (+4).
   Will-:     It decreases your willpower.
Armour
 b - the +0 robe of Hangman (worn) {rElec rN++}
   (You found it in a bailey)

   rElec:     It insulates you from electricity.
   rN++:      It greatly protects you from negative energy.
 o - a +0 pair of gloves (worn)
Jewellery
 a - a ring of protection from fire (left hand)
 j - a +4 ring of protection
 p - an amulet of magic regeneration (around neck)
 H - a ring of poison resistance (right hand)
Wands
 r - a wand of iceblast (19)
 t - a wand of mindburst (12)
 y - a wand of charming (9)
 z - a wand of quicksilver (2)
 E - a wand of digging (5)
Scrolls
 e - 3 scrolls of teleportation
 g - a scroll of vulnerability
 k - 2 scrolls of immolation
 s - a scroll of enchant armour
 w - a scroll of noise
 x - 4 scrolls of amnesia
 A - a scroll of torment
 D - a scroll of butterflies
 G - a scroll of blinking
Potions
 c - a potion of haste
 d - 5 potions of attraction
 f - 4 potions of cancellation
 h - 2 potions of curing
 i - 2 potions of heal wounds
 l - 4 potions of lignification
 m - a potion of resistance
 q - a potion of degeneration
 u - a potion of enlightenment {unknown}
 v - a potion of invisibility
 B - 2 potions of berserk rage {unknown}
 C - a potion of might {unknown}


   Skills:
 - Level 2.4 Dodging
 - Level 2.4 Stealth
 + Level 15.4 Spellcasting
 + Level 16.7 Conjurations
 * Level 10.7 Earth Magic


You had 17 spell levels left.
You knew the following spells:

 Your Spells              Type           Power      Damage    Failure   Level
a - Magic Dart            Conj           100%       1d8       0%          1
b - Searing Ray           Conj           100%       2d8       0%          2
c - Stone Arrow           Conj/Erth      100%       3d13      0%          3
d - Fulminant Prism       Conj/Alch      31%        3d15      1%          4
e - Iskenderun's Mystic   Conj/Tloc      63%        2d13      1%          4
f - Blink                 Tloc           44%        N/A       3%          2
g - Lehudib's Crystal Sp  Conj/Erth      40%        10d10     13%         8

Your spell library contained the following spells:

 Spells                   Type           Power      Damage    Failure   Level
 Flame Wave               Conj/Fire      63%        2d15      1%          4
 Sting                    Conj/Alch      100%       1d9       1%          1
 Momentum Strike          Conj/Tloc      100%       3d10      1%          2
 Frozen Ramparts          Ice            44%        1d7       1%          3
 Hailstorm                Conj/Ice       63%        3d12      1%          3
 Arcjolt                  Conj/Air       31%        1d41      1%          5
 Apportation              Tloc           44%        N/A       2%          1
 Necrotise                Necr           88%        1d8       2%          1
 Summon Small Mammal      Summ           88%        N/A       2%          1
 Animate Armour           Summ/Erth      100%       N/A       2%          4
 Leda's Liquefaction      Alch/Erth      26%        N/A       2%          4
 Petrify                  Alch/Erth      52%        N/A       2%          4
 Lesser Beckoning         Tloc           44%        N/A       3%          2
 Summon Ice Beast         Ice/Summ       22%        N/A       6%          3
 Tukima's Dance           Hex            22%        N/A       6%          3
 Yara's Violent Unravell  Hex/Alch       11%        3d6       16%         5
 Anguish                  Hex/Necr       11%        N/A       22%         4
 Cause Fear               Hex            11%        N/A       22%         4
 Passage of Golubria      Tloc           22%        N/A       22%         4
 Vhi's Electric Charge    Tloc/Air       44%        N/A       22%         4
 Metabolic Englaciation   Hex/Ice        11%        N/A       52%         5
 Sculpt Simulacrum        Ice/Alch       11%        N/A       97%         6
 Enfeeble                 Hex            11%        N/A       100%        7
 Maxwell's Capacitive Co  Air            11%        ∞         100%        8


Dungeon Overview and Level Annotations

Branches:
Dungeon (10/15)            Temple (1/1) D:7            Lair (3/5) D:9
 Shoals (0/4) Lair:2       Spider (0/4) Lair:2       Bailey (visited)
    Orc: D:9-12

Altars:
Ashenzari
Cheibriados
Dithmenos
Elyvilon
Fedhas
Gozag
Hepliaklqana
Kikubaaqudgha
Makhleb
Nemelex Xobeh
Okawaru
Qazlal
Ru
Sif Muna
Trog
Uskayaw
Vehumet
Wu Jian
Xom
Yredelemnul
Zin
The Shining One

Shops:
D:4 !   D:6 !   D:8 *


Message History

Press: ? - help, Shift-Dir - straight line, f - water moccasin
Aim: a water moccasin (63% to hit)
The stone arrow hits the water moccasin!!
The water moccasin is severely wounded.
The water moccasin bites you but does no damage.
The basilisk gazes at you.
You are slowing down.
The basilisk gazes at you.
Your limbs have turned to stone.
The water moccasin bites you but does no damage.
You have turned to stone.
The water moccasin bites you! The water moccasin bites you.
The basilisk gazes at you.
You easily resist.
The basilisk gazes at you.
You easily resist.
The water moccasin bites you! The water moccasin bites you!
The basilisk gazes at you.
You easily resist.
The basilisk gazes at you. The water moccasin bites you. x2
The basilisk gazes at you.
You easily resist.
The basilisk bites you! x2; The water moccasin bites you!
The water moccasin bites you. The basilisk bites you!!
* * * LOW HITPOINT WARNING * * *
The basilisk gazes at you.
You easily resist.
The basilisk bites you but does no damage.
The water moccasin bites you but does no damage.
The basilisk gazes at you.
You easily resist.
The basilisk bites you!
* * * LOW HITPOINT WARNING * * *
The basilisk gazes at you.
You easily resist.
The water moccasin bites you but does no damage.
The water moccasin bites you.
* * * LOW HITPOINT WARNING * * *
The basilisk bites you!
You die...

#.+.......8.8.$.
#..............
##/..........8.
#.........8....
#............8.
###+#.#...#.
#....##.#
#.#ll###.##
#.l@S.......
#...........#
#.#...........#
...+...........#
..P #..........#
. #..........#
#...<......#
#.....>....


You could see 3 basilisks and a water moccasin.

Vanquished Creatures
  A hydra (Lair:3)
  3 two-headed ogres (D:10)
  An occultist (D:10)
  A skyshark (Lair:3)
  An orc knight (Bailey)
  Pikel (D:6)
  An ugly thing (D:10)
  2 manticores (Lair:2)
  A black mamba (Lair:2)
  3 cane toads
  A torpor snail (Lair:2)
  Maggie (D:6)
  Jeremiah (D:8)
  An unseen horror (D:10)
  3 komodo dragons
  A troll (D:9)
  Grinder (D:6)
  2 hornets (D:9)
  2 dream sheep (Lair:2)
  5 blink frogs (Lair:1)
  Sigmund (D:4)
  2 shadows
  A wraith (D:10)
  3 wyverns
  Eustachio (D:4)
  2 vampires (D:10)
  2 basilisks
  2 vampire mosquitoes (D:10)
  15 yaks
  4 steam dragons
  Edmund (D:5)
  An acid dragon (D:10)
  5 water moccasins
  10 orc warriors
  3 ice beasts
  4 sky beasts
  2 ogres (D:9)
  3 black bears
  4 lemures (D:6)
  4 centaurs
  2 phantoms (D:6)
  10 kobold brigands
  5 scorpions
  6 bullfrogs
  15 wights
  A water moccasin zombie (D:6)
  11 killer bees
  3 howler monkeys
  4 electric eels (Lair:1)
  2 bombardier beetles
  3 bullfrog zombies (D:6)
  2 gnoll boudas
  A centaur zombie (D:6)
  5 orc priests
  3 hounds
  A bullfrog skeleton (D:6)
  A centaur skeleton (D:6)
  A jelly (D:7)
  4 iguanas
  Natasha (twice) (D:2)
  11 orc wizards
  2 killer bee zombies (D:6)
  A howler monkey zombie (D:6)
  8 gnolls
  5 adders
  A white imp (D:7)
  2 ufetubi (D:7)
  4 dart slugs
  3 ribbon worms
  28 orcs
  6 ball pythons
  6 endoplasms
  3 giant cockroaches
  14 goblins
  11 hobgoblins
  2 quokkas
  5 bats
  A frilled lizard (D:1)
  21 kobolds
  4 rats
323 creatures vanquished.

Vanquished Creatures (others)
  11 fulminant prisms
11 creatures vanquished.

Grand Total: 334 creatures vanquished

Notes
Turn   | Place    | Note
-------+----------+-------------------------------------------
     0 | D:1      | groovy9 the Deep Elf Conjurer began the quest for the Orb.
     0 | D:1      | Reached XP level 1. HP: 10/10 MP: 6/6
   245 | D:1      | Reached XP level 2. HP: 15/15 MP: 6/8
   268 | D:1      | Learned a level 2 spell: Searing Ray
   683 | D:2      | Reached skill level 5 in Conjurations
   928 | D:2      | Reached XP level 3. HP: 19/19 MP: 3/10
  1319 | D:2      | Found a blossoming altar of Fedhas.
  1485 | D:2      | Identified the +5 quarterstaff of Chaos {heavy, rF- Dex+6
                  | Stlth+}
  1533 | D:2      | Noticed Natasha
  1536 | D:2      | Killed Natasha
  1537 | D:2      | Reached XP level 4. HP: 24/24 MP: 8/12
  1605 | D:2      | Noticed Natasha
  1611 | D:2      | Killed Natasha
  1677 | D:2      | Reached skill level 6 in Conjurations
  1887 | D:2      | Found a faded altar of an unknown god.
  2295 | D:3      | Reached XP level 5. HP: 28/28 MP: 9/14
  2630 | D:3      | Reached skill level 5 in Spellcasting
  2799 | D:3      | Found a white marble altar of Elyvilon.
  2908 | D:3      | Learned a level 3 spell: Stone Arrow
  3192 | D:4      | Noticed Sigmund
  3199 | D:4      | Killed Sigmund
  3200 | D:4      | Reached skill level 7 in Conjurations
  3200 | D:4      | Reached XP level 6. HP: 32/32 MP: 3/16
  3240 | D:4      | Noticed Eustachio
  3255 | D:4      | Killed Eustachio
  3256 | D:4      | Reached skill level 8 in Conjurations
  3256 | D:4      | Reached XP level 7. HP: 28/36 MP: 1/18
  3321 | D:4      | Found an ancient bone altar of Kikubaaqudgha.
  3322 | D:4      | Found a sacrificial altar of Ru.
  3373 | D:4      | Found Hesaqack's Distillery.
  3377 | D:4      | Bought a potion of cancellation for 112 gold pieces
  3377 | D:4      | Bought a potion of curing for 42 gold pieces
  3377 | D:4      | Bought a potion of heal wounds for 70 gold pieces
  3377 | D:4      | Bought a potion of degeneration for 14 gold pieces
  3586 | D:5      | Entered Level 5 of the Dungeon
  3960 | D:5      | Learned a level 4 spell: Fulminant Prism
  3965 | D:5      | Learned a level 4 spell: Iskenderun's Mystic Blast
  4023 | D:5      | Noticed Edmund
  4107 | D:5      | Killed Edmund
  4108 | D:5      | Reached skill level 9 in Conjurations
  4233 | D:5      | Reached XP level 8. HP: 17/41 MP: 8/21
  4373 | D:5      | Learned a level 2 spell: Blink
  4591 | D:6      | Reached skill level 10 in Conjurations
  4780 | D:6      | Found Nerypihi's Distillery.
  4785 | D:6      | Noticed Maggie
  4794 | D:6      | Killed Maggie
  4844 | D:6      | Reached skill level 11 in Conjurations
  4909 | D:6      | Reached XP level 9. HP: 37/45 MP: 13/24
  5114 | D:6      | Reached skill level 10 in Spellcasting
  5212 | D:6      | Noticed Grinder
  5231 | D:6      | Killed Grinder
  5232 | D:6      | Reached skill level 12 in Conjurations
  5247 | D:6      | Noticed Pikel
  5257 | D:6      | Killed Pikel
  5267 | D:6      | Reached skill level 13 in Conjurations
  5497 | D:6      | Reached XP level 10. HP: 27/50 MP: 19/27
  6514 | D:7      | Found a flagged portal.
  6522 | Bailey   | Entered a bailey
  6576 | Bailey   | Reached skill level 14 in Conjurations
  6663 | Bailey   | Noticed an orc knight
  6684 | Bailey   | Killed an orc knight
  6771 | Bailey   | Identified the +8 morningstar of Reason {antimagic, rC+
                  | SInv}
  6809 | Bailey   | Identified the +0 robe of Hangman {rElec rN++}
  6855 | Bailey   | Found a burning altar of Makhleb.
  7130 | D:7      | Found a staircase to the Ecumenical Temple.
  7139 | Temple   | Entered the Ecumenical Temple
  7144 | Temple   | Became a worshipper of Vehumet
  7225 | D:7      | Reached skill level 15 in Conjurations
  7562 | D:7      | Learned a level 8 spell: Lehudib's Crystal Spear
  7813 | D:8      | Reached skill level 1 in Earth Magic
  8253 | D:8      | Found Peicit Cied's Serpentskin Sales.
  8277 | D:8      | Noticed Jeremiah
  8291 | D:8      | Killed Jeremiah
  8291 | D:8      | Reached * piety under Vehumet
  8291 | D:8      | Offered knowledge of Freeze by Vehumet.
  8292 | D:8      | Reached XP level 11. HP: 51/54 MP: 21/30
  8946 | D:9      | Reached skill level 5 in Earth Magic
  9321 | D:9      | Found a staircase to the Lair.
  9427 | D:10     | Entered Level 10 of the Dungeon
  9557 | D:10     | Noticed a cyan ugly thing
  9564 | D:10     | Killed a cyan ugly thing
  9712 | D:10     | Offered knowledge of Kiss of Death by Vehumet.
  9724 | D:10     | Reached ** piety under Vehumet
  9730 | D:10     | Noticed a two-headed ogre
  9734 | D:10     | Killed a two-headed ogre
  9833 | D:10     | Found a shimmering blue altar of Sif Muna.
  9864 | D:10     | Noticed a two-headed ogre
  9867 | D:10     | Killed a two-headed ogre
  9929 | D:10     | Noticed a two-headed ogre
  9935 | D:10     | Killed a two-headed ogre
  9936 | D:10     | Reached skill level 16 in Conjurations
 10286 | D:10     | Found a hide-covered altar of Uskayaw.
 10445 | D:10     | Noticed an occultist
 10451 | D:10     | Killed an occultist
 10491 | D:10     | Reached XP level 12. HP: 35/59 MP: 24/32
 10579 | D:10     | Noticed a boulder beetle
 10586 | D:10     | Identified the +9 shortbow of the Battered Beds {speed,
                  | Int+3}
 10586 | D:10     | Noticed a centaur warrior
 10858 | Lair:1   | Entered Level 1 of the Lair of Beasts
 10908 | Lair:1   | Found a shadowy altar of Dithmenos.
 11217 | Lair:1   | Offered knowledge of Mephitic Cloud by Vehumet.
 12242 | Lair:2   | Reached *** piety under Vehumet
 12243 | Lair:2   | Reached skill level 15 in Spellcasting
 12283 | Lair:2   | Found a hole to the Spider Nest.
 12368 | Lair:2   | Identified the +9 quarterstaff "Saifoqot" {antimagic, Will-
                  | Int+4}
 12383 | Lair:2   | Reached skill level 10 in Earth Magic
 12473 | Lair:2   | Found a staircase to the Shoals.
 12945 | Lair:3   | Noticed a six-headed hydra
 12955 | Lair:3   | Killed a six-headed hydra
 12965 | Lair:2   | Offered knowledge of Flame Wave by Vehumet.
 13094 | Lair:3   | Slain by a basilisk

Illustrated notes

Levels and vault maps discovered:
D:1:      tarquinn_simple_flora_water_c, layout_basic
D:2:      layout_basic, basic_altar,
          dreamdust_ecumenical_altar_hidden_monk_grotto,
          minmay_misc_feat_pillars, kennysheep_crisscross, uniq_natasha
D:3:      layout_loops_ring, mainiacjoe_overflow_alcove_4
D:4:      layout_basic, mainiacjoe_overflow_divided_tiny, serial_shops, shop,
          st_stairs_10, uniq_eustachio, uniq_sigmund
D:5:      layout_rooms, uniq_edmund
D:6:      layout_basic, serial_undead, serial_undead_e, serial_undead_d,
          serial_undead_b, serial_undead_b, serial_undead_a, serial_undead_a,
          serial_undead_e, serial_shops, nicolae_shop_advertising_works
          [nicolae_subvault_shop_adworks], uniq_grinder, uniq_maggie, uniq_pikel
D:7:      layout_basic, minmay_temple_entry_waves, enter_bailey_3
D:8:      layout_rooms, guppyfry_shop_venom, uniq_jeremiah
D:9:      layout_small_grid, david_lair_shrubbed, amethyst_killhole,
          serial_bayou_pond_b, minmay_misc_feat_more_columns, corexii_checkpoint
D:10:     layout_roguey, tgw_sif, nicolae_uskayaw_dance_studio,
          minmay_the_grid_2x2 [minmay_the_grid_minigrid_small,
          minmay_the_grid_odd_star, minmay_the_grid_outer_diamond,
          minmay_the_grid_prize_big_room]
Temple:   sentei_temple_godly_chess
Lair:1:   layout_chaotic_city, basic_altar, disabler_island, grunt_megastairs_2
Lair:2:   layout_chaotic_city, minmay_shoals_entry_beasts, dummy_spider_entry
Lair:3:   layout_roguey, gammafunk_ghost_arena, kennysheep_basilisk_garden

Skill      XL: |  1  2  3  4  5  6  7  8  9 10 11 12 |
---------------+-------------------------------------+-----
Conjurations   | 5 6 7 8 9 11 13 15 16 | 16.7
Spellcasting   | 4 5 6 7 9 11 13 14 15 | 15.4
Earth Magic    | 2 8 10 | 10.7
Dodging        | |  2.4
Stealth        | |  2.4

Action                     |  1- 3 |  4- 6 |  7- 9 | 10-12 || total
---------------------------+-------+-------+-------+-------++-------
  Melee: Unarmed           |     5 |       |       |       ||     5
         Quarterstaff      |       |       |       |    10 ||    10
   Cast: Magic Dart        |    48 |    35 |    66 |   161 ||   310
         Searing Ray       |     5 |    20 |    32 |     9 ||    66
         Stone Arrow       |       |    10 |    33 |   256 ||   299
         Iskenderun's Myst |       |       |     5 |    38 ||    43
         Fulminant Prism   |       |       |     2 |     9 ||    11
         Blink             |       |       |       |     1 ||     1
    Use: Scroll            |       |     5 |     4 |    11 ||    20
         Potion            |       |       |       |     6 ||     6
 Armour: Robe              |     1 |     4 |    29 |   122 ||   156
  Dodge: Dodged            |     5 |     9 |    30 |    59 ||   103
